Construct Weapon Support Center
Selects Airborne Battlegroup
Mechanized Support Center
Selects Paratrooper Squad Paradrop
M16 Multiple Gun Motor Carriage
Paratrooper Squad Paradrop
Construct Medical Station
M3 75 mm Gun Motor Carriage
Designate Forward Repair Station
Selects Anti-tank Gun Team Paradrop
Anti-tank Gun Team Paradrop
Anti-tank Gun Team Paradrop
Selects Carpet Bombing Run
M4A1(76) Sherman Medium Tank
Anti-tank Gun Team Paradrop